 Dungeon Crawl Stone Soup version 0.21.1-1-g345015f (webtiles) character file.

212 Monsterracer the Insei (level 5, -3/38 HPs)
             Began as a Merfolk Summoner on Feb 7, 2018.
             Slain by an iguana (13 damage)
             ... on level 5 of the Dungeon.
             The game lasted 00:05:27 (3965 turns).

Monsterracer the Insei (Merfolk Summoner)           Turns: 3965, Time: 00:05:28

Health: -3/38      AC:  3    Str:  9    XL:     5   Next: 90%
Magic:  8/8        EV: 14    Int: 14    God:
Gold:   109        SH:  3    Dex: 15    Spells: 1/8 levels left

rFire    . . .     SeeInvis .     - Unarmed
rCold    . . .     Gourm    .   (no shield)
rNeg     . . .     Faith    .   a - +0 robe
rPois    .         Spirit   .   (no helmet)
rElec    .         Reflect  +   b - +0 cloak
rCorr    .         Harm     .   (no gloves)
MR       .....                  (no boots)
Stlth    ++........             d - +3 amulet of reflection
HPRegen  0.12/turn              (no ring)
MPRegen  0.11/turn              (no ring)

@: no status effects
A: change form in water, swift swim, stealthy swim
a: no special abilities


You were on level 5 of the Dungeon.
You were not hungry.

You visited 1 branch of the dungeon, and saw 4 of its levels.

You collected 109 gold pieces.

Inventory:

Armour
 a - a +0 robe (worn)
 b - a +0 cloak (worn)
Jewellery
 d - a +3 amulet of reflection (around neck)
Scrolls
 e - a scroll of amnesia {unknown}
 h - 3 scrolls of immolation {unknown}
 i - a scroll of fog {unknown}
 j - a scroll of noise {unknown}
 l - 2 scrolls of identify {unknown}
 n - 2 scrolls of enchant armour {unknown}
 p - 3 scrolls of teleportation {unknown}
Potions
 f - a potion of ambrosia {unknown}
 g - a potion of curing {unknown}
 k - 3 potions of heal wounds {unknown}
 m - a potion of invisibility {unknown}
 o - a potion of agility
Comestibles
 c - 8 rations


   Skills:
 + Level 2.0 Fighting
 + Level 3.7 Dodging
 - Level 2.1 Stealth
 * Level 4.6 Unarmed Combat
 - Level 2.1 Spellcasting
 - Level 4.2 Summonings


You had one spell level left.
You knew the following spells:

 Your Spells              Type           Power        Failure   Level  Hunger
a - Summon Small Mammal   Summ           ##..         4%          1    #......
b - Call Imp              Summ           ##......     6%          2    ###....
d - Summon Ice Beast      Ice/Summ       #.......     67%         4    #####..


Dungeon Overview and Level Annotations

Branches:
Dungeon (5/15)
 Temple: D:4-7

Altars:
The Shining One

Annotations:
D:5 exclusion: ogre


Message History

An ogre comes into view. It is wielding a giant club.
Found a scroll labeled IXIOCA OSIOQUT.
An ogre is nearby!
There's nothing to close nearby.
You open the door.
There is an open door here.
There is an open door here.
Things that are here:
a dagger; a falchion
There is an open door here.
There is an open door here.
You see here 14 arrows.
Found 19 bolts.
You see here 19 bolts.
As you open the door, it creaks loudly!
Found 13 stones and 18 arrows.
There is an open door here.
You see here 18 arrows.
As you open the door, it creaks loudly!
Found a short sword.
There is an open door here.
You see here a short sword.
An iguana comes into view.
A quokka comes into view.
The quokka barely misses you.
You closely miss the quokka. The quokka bites you.
You take 2 damage, and have 36/38 hp.
You hit the quokka but do no damage. The quokka barely misses you.
You punch the quokka!
You kill the quokka!
No target in view!
You see here a quokka corpse.
No target in view!
You see here a quokka corpse.
A crimson imp comes into view.
The crimson imp shouts!
The iguana hisses angrily.
You hear a shout!
The crimson imp closely misses you.
You hit the crimson imp.
The crimson imp is moderately wounded.
The crimson imp completely misses you.
You punch the crimson imp!
The crimson imp is severely wounded.
The crimson imp completely misses you.
You hit the crimson imp.
The crimson imp is almost dead.
The crimson imp blinks!
The iguana hisses menacingly.
The crimson imp blinks!
The crimson imp hits you.
You take 3 damage, and have 34/38 hp.
You hit the crimson imp.
The crimson imp is almost dead.
The crimson imp hits you.
You hit the crimson imp.
You kill the crimson imp!
Your Fighting skill increases to level 2!
The iguana closely misses you.
You hit the iguana.
The iguana is lightly wounded.
The iguana barely misses you.
You hit the iguana but do no damage.
The iguana is lightly wounded.
The iguana misses you.
You hit the iguana but do no damage.
The iguana is lightly wounded.
The iguana closely misses you.
You hit the iguana.
The iguana is heavily wounded.
The iguana bites you.
You take 2 damage, and have 32/38 hp.
You hit the iguana.
The iguana is severely wounded.
You block the iguana's attack.
You hit the iguana but do no damage.
The iguana is severely wounded.
You hit the iguana but do no damage.
The iguana is severely wounded.
You block the iguana's attack.
You barely miss the iguana.
The iguana is severely wounded.
The iguana hisses menacingly.
The iguana closely misses you.
You hit the iguana but do no damage.
The iguana is severely wounded.
The iguana bites you.
You take 5 damage, and have 28/38 hp.
You hit the iguana but do no damage. Your punch misses the iguana.
The iguana is severely wounded.
The iguana bites you!
* * * LOW HITPOINT WARNING * * *
You take 12 damage, and have 16/38 hp.
MASSIVE DAMAGE!!
You barely miss the iguana.
The iguana is severely wounded.
The iguana bites you.
* * * LOW HITPOINT WARNING * * *
You take 6 damage, and have 10/38 hp.
You barely miss the iguana.
The iguana is severely wounded.
The iguana bites you!
You die...

#.# #.# #.# #.# ##'## #.#
##...## #.# #.....##
#####†# ...(...## ##...#.#
###..
.......(####..)...##......
........'.................
........###.....@l########
.......## #.......#
#.....## ##.....## ##...##
##...## ##+# ##.## #.# #.#
#.


You could see an iguana.

Vanquished Creatures
  A crimson imp (D:5)
  A hound (D:5)
  An orc priest (D:5)
  A howler monkey skeleton (D:5)
  2 worms (D:2)
  A dart slug (D:1)
  A leopard gecko (D:1)
  4 orcs
  2 giant cockroaches (D:1)
  5 goblins
  7 hobgoblins
  2 quokkas (D:5)
  A bat (D:1)
  A frilled lizard (D:2)
  3 kobolds
  3 rats
36 creatures vanquished.

Vanquished Creatures (collateral kills)
  A crimson imp (D:5)
  Crazy Yiuf (D:2)
  Terence (D:2)
  An orc wizard (D:5)
  A worm (D:3)
  A hobgoblin (D:1)
  A kobold (D:1)
  A rat (D:1)
8 creatures vanquished.

Grand Total: 44 creatures vanquished

Notes
Turn   | Place    | Note
-------+----------+-------------------------------------------
     0 | D:1      | Monsterracer the Merfolk Summoner began the quest for the Orb.
     0 | D:1      | Reached XP level 1. HP: 13/13 MP: 3/3
   289 | D:1      | HP: 3/13 [hobgoblin/club (4)]
   571 | D:1      | Reached XP level 2. HP: 17/20 MP: 5/5
   575 | D:1      | Learned a level 2 spell: Call Imp
   865 | D:1      | Reached skill level 1 in Fighting
  1433 | D:2      | Reached XP level 3. HP: 23/26 MP: 6/6
  1511 | D:2      | Noticed Terence
  1525 | D:2      | HP: 8/26 [Terence/flail (10)]
  1537 | D:2      | HP: 4/26 [Terence/flail (5)]
  1555 | D:2      | Killed Terence
  1555 | D:2      | Reached skill level 1 in Unarmed Combat
  2154 | D:2      | Found a runed door.
  2233 | D:2      | Reached XP level 4. HP: 20/32 MP: 7/7
  2367 | D:2      | Learned a level 4 spell: Summon Ice Beast
  2535 | D:2      | Found a glowing golden altar of the Shining One.
  2767 | D:2      | Noticed Crazy Yiuf
  2772 | D:2      | HP: 14/32 [Crazy Yiuf/quarterstaff of chaos (9)]
  2787 | D:2      | Killed Crazy Yiuf
  3007 | D:3      | HP: 12/32 [worm (11)]
  3027 | D:3      | HP: 9/32 [worm (5)]
  3273 | D:3      | You fall through a shaft for 2 floors!
  3273 | D:5      | Entered Level 5 of the Dungeon
  3282 | D:5      | Reached XP level 5. HP: 28/37 MP: 0/8
  3505 | D:5      | HP: 14/37 [something/puff of flame (6)]
  3510 | D:5      | HP: 3/37 [orc priest/hand axe (5)]
  3834 | D:5      | Noticed an ogre
  3963 | D:5      | HP: 16/38 [iguana (12)]
  3965 | D:5      | Slain by an iguana

Skill      XL: |  1  2  3  4  5 |
---------------+----------------+-----
Dodging        | 3 |  3.7
Fighting       | 1 2 |  2.0
Unarmed Combat | 2 3 4 |  4.6
Stealth        | |  2.1
Spellcasting   | |  2.1
Summonings     | |  4.2

Action                   |  1- 3 |  4- 6 || total
-------------------------+-------+-------++-------
Melee: Unarmed           |    33 |    74 ||   107
       Dagger            |   151 |    14 ||   165
       Punch             |       |     1 ||     1
 Cast: Summon Small Mamm |     3 |     1 ||     4
       Call Imp          |     2 |    11 ||    13
 Stab: Sleeping          |     5 |     1 ||     6
  Eat: Chunk             |     4 |     3 ||     7
       Ration            |       |     1 ||     1
Armor: Robe              |    12 |     4 ||    16
Dodge: Dodged            |    98 |    42 ||   140
Block: Other             |     8 |     9 ||    17
       Reflection        |       |     1 ||     1

Vault maps used:
D:1:      tarquinn_simple_flora_water_a, corexii_corridor_pit
D:2:      tso_altar, uniq_crazy_yiuf_cottage, uniq_terence
D:3:      lemuel_coloured_pillars_altar, first_ration
D:5:      basic_altar, uniq_grinder
